 Dungeon Crawl Stone Soup version 0.32-a0-485-g70f7560b1c (webtiles) character file.

Game seed: 9321080567641311620

1490 LobsterGuardian the Skirmisher (level 8, 0/63 (77) HPs)
             Began as a Yellow Draconian Hunter on Feb 27, 2024.
             Was a Follower of Beogh.
             Slain by a wight
             ... wielding a +0 halberd
              (6 damage)
             ... on level 6 of the Dungeon.
             The game lasted 00:09:18 (4920 turns).

LobsterGuardian the Skirmisher (DrHu)               Turns: 4920, Time: 00:09:18

HP:   0/63 (77)     AC:  6    Str: 19    XL:     8   Next: 51%
MP:   10/10         EV: 14    Int: 15    God:    Beogh [*.....]
Gold: 281           SH:  0    Dex: 22    Spells: 7/7 levels left

rFire   . . .        a - +0 shortbow (elec)
rCold   . . .        (shield currently unavailable)
rNeg    . . .        (body armour unavailable)
rPois   .            (helmet restricted)
rElec   .            (no cloak)
rCorr   +            (no gloves)
SInv    +            (no boots)
Will    .....        (no amulet)
Stlth   +            i - ring "Vasyng" {rCorr Str+6 Int+4}
HPRegen 0.30/turn    n - +6 ring of dexterity
MPRegen 0.12/turn

%: no passive effects
@: short of breath, silenced, heavily drained
A: spit acid, AC +6, unfitting armour, cold-blooded, acid resistance, see
invisible, robust 1
a: Breathe Acid, Renounce Religion


You were on level 6 of the Dungeon.
You worshipped Beogh.
Beogh was aware of your devotion.
You visited 1 branch of the dungeon, and saw 6 of its levels.

You collected 281 gold pieces.

Inventory:

Hand Weapons
 a - a +0 shortbow of electrocution (weapon)
Jewellery
 i - the ring "Vasyng" (left hand) {rCorr Str+6 Int+4}
   (You found it on level 2 of the Dungeon)

   [ring of strength]

   Str+6:     It affects your strength (+6).
   Int+4:     It affects your intelligence (+4).
   rCorr:     It protects you from acid and corrosion.
 n - a +6 ring of dexterity (right hand)
Potions
 c - a potion of attraction
 e - 2 potions of lignification {unknown}
 k - 4 potions of brilliance {unknown}


   Skills:
 * Level 6.2 Fighting
 + Level 8.2 Ranged Weapons
 + Level 3.1 Dodging
 + Level 1.2 Stealth
 * Level 3.3 Invocations


You had 7 spell levels left.
You didn't know any spells.
Your spell library contained the following spells:

 Spells                   Type           Power      Damage    Failure   Level
 Ensorcelled Hibernation  Hex/Ice        0%         N/A       38%         2
 Fugue of the Fallen      Necr           0%         N/A       63%         3
 Inner Flame              Hex/Fire       0%         N/A       63%         3
 Stone Arrow              Conj/Erth      0%         3d7       63%         3
 Anguish                  Hex/Necr       0%         N/A       95%         4
 Summon Mana Viper        Hex/Summ       0%         N/A       100%        5
 Infestation              Necr           0%         N/A       100%        8
 Lehudib's Crystal Spear  Conj/Erth      0%         10d2      100%        8
 Animate Armour           Summ/Erth      Unusable   N/A       N/A         4

Dungeon Overview and Level Annotations

Branches:
Dungeon (6/15)
 Temple: D:4-7

Altars:
Makhleb
Qazlal
Wu Jian
Yredelemnul
Zin


Innate Abilities, Weirdness & Mutations

You can spit globs of acid.
Your golden yellow scales are hard. (AC +6)
You cannot fit into any form of body armour.
You are cold-blooded and may be slowed by cold attacks.
You are resistant to acid. (rCorr)
You have supernaturally acute eyesight. (SInv)
You are robust. (+10% HP)


Message History

You feel drained. The wight closely misses you. x2
The wight barely misses you.
As you read the scroll labelled YREWUKOFRA, it crumbles to dust.
It is a scroll of enchant armour.
You aren't carrying any armour which can be enchanted further.
The wight hits you from afar with a +4 spear.
The wight hits you but does no damage. The wight barely misses you.
The wight closely misses you.
As you read the scroll labelled WITUEK CU JIPT, it crumbles to dust.
It is a scroll of amnesia.
You feel forgetful for a moment. The wight barely misses you.
The wight closely misses you. x2
As you read the scroll labelled QILETO RES, it crumbles to dust.
A profound silence engulfs you.
It was a scroll of silence.
You have got your breath back.
The wight hits you from afar with a +4 spear!
You feel drained. The wight closely misses you.
The wight hits you from afar with a +0 halberd!
* * * LOW HITPOINT WARNING * * *
You feel drained.
* * * LOW HITPOINT WARNING * * *
The wight closely misses you.
You feel better.
The wight hits you but does no damage. x2
The wight hits you from afar with a +0 halberd.
* * * LOW HITPOINT WARNING * * *
The wight hits you with a +0 battleaxe!
* * * LOW HITPOINT WARNING * * *
The wight attacks as it pursues you! The wight completely misses you.
The wight closely misses you.
Okay, then.
Press: ? - help, Shift-Dir - straight line, f/p - wight
Aim: a wight, wielding a +0 battleaxe and wearing a +0 robe (silenced, lightly damaged, 64% to hit)
You spit a glob of acid.
The glob of acid hits the wight!!
The acid corrodes the wight!
The acid splashes onto the wight!
The wight is splashed with acid.
The acid corrodes the wight!
You destroy the wight!
Beogh accepts your kill. The wight barely misses you.
The wight completely misses you.
The wight hits you from afar with a +0 halberd.
You die...

#..###...# ##.#
##..## #.. ##).#
##.### #..##
#....######..#
##).......##..##
#...z.......#..#
#..#)z.)........##
#..##.z@......#..#
...#
#........###.##
.... #.......##
#..# .....#
#......## ##.##
..... ##...###
##...## ....#
#.### ##..#..# ###
#...#..# ######.#
###


You could see 3 wights.

Vanquished Creatures
  A water moccasin (D:6)
  2 ice beasts (D:5)
  3 ogres
  A kobold brigand (D:5)
  A bullfrog (D:6)
  3 scorpions
  2 wights (D:6)
  4 bombardier beetles
  2 jellies (D:5)
  An orc priest (D:4)
  A hound (D:5)
  3 iguanas (D:5)
  8 adders
  9 gnolls
  2 ribbon worms
  2 dart slugs
  6 orcs
  4 endoplasms
  4 giant cockroaches
  7 goblins
  6 hobgoblins
  8 kobolds
  4 quokkas
  12 ball pythons
  4 bats
  4 frilled lizards
  8 rats
112 creatures vanquished.

Notes
Turn   | Place    | Note
-------+----------+-------------------------------------------
     0 | D:1      | LobsterGuardian the Draconian Hunter began the quest for
                  | the Orb.
     0 | D:1      | Reached XP level 1. HP: 17/17 MP: 1/1
   106 | D:1      | Reached skill level 4 in Ranged Weapons
   106 | D:1      | Reached XP level 2. HP: 8/25 MP: 2/2
   109 | D:1      | Gained mutation: You are agile. (Dex +4, Str/Int -1)
                  | [potion of mutation]
   109 | D:1      | Gained mutation: You occasionally lose the ability to read
                  | scrolls when taking damage. [potion of mutation]
   494 | D:2      | Reached XP level 3. HP: 30/30 MP: 3/3
   924 | D:2      | Reached XP level 4. HP: 27/37 MP: 4/4
  1238 | D:2      | Found a faded altar of an unknown god.
  1431 | D:2      | Reached skill level 1 in Stealth
  1436 | D:2      | Reached skill level 5 in Ranged Weapons
  1477 | D:2      | Identified the ring "Vasyng" {rCorr Str+6 Int+4}
  1738 | D:3      | Reached XP level 5. HP: 45/45 MP: 5/5
  2077 | D:3      | Lost mutation: You are agile. (Dex +4, Str/Int -1) [potion
                  | of mutation]
  2077 | D:3      | Lost mutation: You occasionally lose the ability to read
                  | scrolls when taking damage. [potion of mutation]
  2077 | D:3      | Gained mutation: You are robust. (+10% HP) [potion of
                  | mutation]
  2077 | D:3      | Gained mutation: You have supernaturally acute eyesight.
                  | (SInv) [potion of mutation]
  2194 | D:3      | You fall into a shaft and drop 1 floor!
  2250 | D:4      | Reached XP level 6. HP: 55/56 MP: 6/6
  2396 | D:4      | Became a worshipper of Beogh the Shepherd
  2464 | D:4      | Reached skill level 6 in Ranged Weapons
  2534 | D:4      | Reached skill level 1 in Invocations
  2595 | D:4      | Got Sif Muna's Compilation of Curses and Unhallowed Spells
  2710 | D:4      | Found an ornate altar of the Wu Jian Council.
  2743 | D:4      | Found a basalt altar of Yredelemnul.
  2755 | D:4      | Found a glowing silver altar of Zin.
  2833 | D:4      | Found a stormy altar of Qazlal.
  3098 | D:4      | Your scales start taking on a golden yellow colour.
  3098 | D:4      | Reached XP level 7. HP: 64/64 MP: 7/7
  3098 | D:4      | Gained mutation: You are resistant to acid. (rCorr) [Yellow
                  | Draconian growth]
  3365 | D:5      | Entered Level 5 of the Dungeon
  3611 | D:5      | Reached skill level 7 in Ranged Weapons
  3874 | D:5      | Reached skill level 5 in Fighting
  3879 | D:5      | Reached XP level 8. HP: 45/74 MP: 9/9
  3976 | D:5      | Found a burning altar of Makhleb.
  4837 | D:6      | Reached * piety under Beogh
  4838 | D:6      | Reached skill level 8 in Ranged Weapons
  4920 | D:6      | Slain by a wight

Illustrated notes

Levels and vault maps discovered:
D:1:      ncdulo_watergridlock, layout_rooms
D:2:      minmay_chambers_of_ones, layout_loops_ring,
          ebering_ecumenical_altar_webs, columned_hall_lemuel,
          minmay_shallow_snake_nest
D:3:      minmay_chambers_of_twos, layout_loops_cross, uniq_grinder
D:4:      layout_basic, nicolae_overflow_quartered_altars, serial_rivers,
          chequers_serial_rivers_micro_d, chequers_serial_rivers_small_a,
          chequers_serial_rivers_micro_e, chequers_serial_rivers_large_b,
          serial_bayou_lake_a
D:5:      minmay_clustersquares, layout_loops_ring, lightli_temple_of_fire,
          kennysheep_boxes
D:6:      layout_cave_pods, lemuel_doored_altar, serial_shops,
          nicolae_shop_trees

Skill      XL: |  1  2  3  4  5  6  7  8 |
---------------+-------------------------+-----
Ranged Weapons | 4 5 6 7 8 |  8.2
Dodging        | 2 3 |  3.1
Stealth        | 1 |  1.2
Fighting       | 3 4 5 6 |  6.2
Invocations    | 1 2 3 |  3.3

Action                     |  1- 3 |  4- 6 |  7- 9 || total
---------------------------+-------+-------+-------++-------
   Fire: Shortbow          |    99 |   194 |   132 ||   425
 Invoke: Convert to Beogh  |       |     1 |       ||     1
Ability: Breathe Acid      |       |       |    14 ||    14
    Use: Scroll            |     2 |     2 |     7 ||    11
         Potion            |     2 |     1 |     5 ||     8
 Armour: Skin              |    36 |    43 |    63 ||   142
  Dodge: Dodged            |    15 |    51 |    88 ||   154

Table legend: (Time is in decaauts)
 A = Elapsed time spent in this place.
 B = Non-inter-level travel time spent in this place.
 C = Inter-level travel time spent in this place.
 D = Time resting spent in this place.
 E = Time spent auto-exploring this place.
 F = Levels seen in this place.
 G = Mean time per level.
                   A        B        C        D        E       F      G
               +--------+--------+--------+--------+--------+-----+--------+
         Total |   5022 |   4820 |    202 |    100 |   3874 |   6 |  837.0 |
       Dungeon |   5022 |   4820 |    202 |    100 |   3874 |   6 |  837.0 |
               +--------+--------+--------+--------+--------+-----+--------+

Top non-repeatable levels by time:
     D:5: 1447 daAuts
     D:2: 1295 daAuts
     D:4: 1216 daAuts
     D:3: 481 daAuts
     D:1: 450 daAuts
     D:6: 131 daAuts
